 Dungeon Crawl Stone Soup version 0.26-a0-812-g31a745ddcd (webtiles) character file.

Game seed: 979629792298402399

278949 Morbidden the Brawler (level 19, 0/184 HPs)
             Began as a Troll Hunter on Nov 13, 2020.
             Was a High Priest of Cheibriados.
             Slain by a vault warden
             ... wielding a +0 battleaxe
              (34 damage)
             ... on level 1 of the Vaults.
             The game lasted 01:18:25 (38464 turns).

Morbidden the Brawler (Troll Hunter)               Turns: 38464, Time: 01:18:25

Health: 0/184      AC: 30    Str: 39    XL:     19   Next: 64%
Magic:  17/31      EV: 25    Int: 27    God:    Cheibriados [*****.]
Gold:   2568       SH:  5    Dex: 30    Spells: 30/36 levels left

rFire    + . .     SeeInvis .     - Unarmed
rCold    . . .     Faith    .   (no shield)
rNeg     . . .     Spirit   .   C - +9 storm dragon scales "Hofynats" {*Drain rElec rF+ MR+++}
rPois    +         Reflect  +   (helmet restricted)
rElec    +         Harm     .   j - +2 cloak {rPois}
rCorr    .         Rampage  .   (gloves unavailable)
MR       ++++.                  (boots unavailable)
Stlth    ..........             F - amulet of reflection
HPRegen  0.80/turn              U - +6 ring of dexterity
MPRegen  0.22/turn              L - ring of Phasing {EV+8}

@: studying Staves, very slow
A: large, unfitting armour, claws 3, regeneration 1, shaggy fur 1, tough skin 3
}: 2/15 runes: decaying, serpentine
a: Bend Time, Temporal Distortion, Slouch, Step From Time, Renounce Religion


You were on level 1 of the Vaults.
You worshipped Cheibriados.
Cheibriados was extremely pleased with you.
You visited 8 branches of the dungeon, and saw 34 of its levels.
You also visited: Sewer, Gauntlet and Volcano.

You collected 5487 gold pieces.
You spent 2919 gold pieces at shops.

Inventory:

Missiles
 c - 22 large rocks
 d - 2 throwing nets
 k - 18 javelins
 l - 178 poisoned darts
 G - 23 boomerangs (quivered)
 H - 2 silver javelins
Armour
 j - a +2 cloak of poison resistance (worn)
 C - the +9 storm dragon scales "Hofynats" (worn) {*Drain rElec rF+ MR+++}
   (You acquired it on level 8 of the Dungeon)

   It protects you from fire.
   It insulates you from electricity.
   It affects your resistance to hostile enchantments.
   It causes draining when unequipped.
Jewellery
 a - an uncursed ring of see invisible
 t - an uncursed ring of protection from cold
 v - an uncursed ring of positive energy
 F - an amulet of reflection (around neck)
 K - an uncursed ring of magical power
 L - the ring of Phasing (right claw) {EV+8}
   (You bought it in a shop on level 2 of the Orcish Mines)

   [ring of evasion]

   It affects your evasion (+8).
 S - an uncursed ring of wizardry
 U - a +6 ring of dexterity (left claw)
 W - an uncursed ring of stealth
Wands
 i - a wand of polymorph (24)
 m - a wand of disintegration (18)
 z - a wand of flame (149)
 I - a wand of digging (19)
 J - a wand of iceblast (21)
 Q - a wand of acid (12)
 X - a wand of paralysis (7)
Scrolls
 b - 2 scrolls of brand weapon
 g - 12 scrolls of magic mapping
 n - 6 scrolls of amnesia
 o - 18 scrolls of remove curse
 r - 2 scrolls of identify
 w - 6 scrolls of fear
 A - 5 scrolls of enchant weapon
 D - 3 scrolls of blinking
 E - 11 scrolls of teleportation
 N - 2 scrolls of fog
 O - 2 scrolls of enchant armour
 P - 2 scrolls of summoning
Potions
 e - 2 potions of ambrosia
 f - 5 potions of brilliance
 h - 2 potions of attraction
 p - 5 potions of heal wounds
 q - 5 potions of cancellation
 s - 11 potions of curing
 u - 3 potions of mutation
 x - 4 potions of might
 B - 4 potions of invisibility
 M - 4 potions of resistance
 R - a potion of flight
 T - a potion of magic
 Y - 2 potions of lignification
Books
 Z - a manual of Staves
Miscellaneous
 y - a phantom mirror
 V - a condenser vane


   Skills:
 + Level 10.4 Fighting
 + Level 11.1 Throwing
 + Level 9.5 Armour
 * Level 10.3 Dodging
 + Level 2.6 Stealth
 + Level 16.0 Unarmed Combat
 * Level 9.1 Spellcasting
 * Level 9.1 Transmutations
 * Level 9.4 Earth Magic
 + Level 10.5 Invocations
 + Level 1.2 Evocations


You had 30 spell levels left.
You knew the following spells:

 Your Spells              Type           Power        Failure   Level
a - Statue Form           Tmut/Erth      ######...    43%         6

Your spell library contained the following spells:

 Spells                   Type           Power        Failure   Level
 Sting                    Tmut/Pois      ####         2%          1
 Petrify                  Tmut/Erth      ######..     3%          4
 Ignite Poison            Fire/Tmut/Pois ####....     12%         3
 Corona                   Hex            ##.....      14%         1
 Foxfire                  Conj/Fire      ##..         14%         1
 Summon Small Mammal      Summ           ##..         14%         1
 Leda's Liquefaction      Hex/Erth       #####.....   21%         4
 Blink                    Tloc           N/A          22%         2
 Call Imp                 Summ           ##......     22%         2
 Ensorcelled Hibernation  Hex/Ice        ##....       22%         2
 Poisonous Vapours        Pois/Air       ##....       22%         2
 Sublimation of Blood     Necr           ##........   22%         2
 Call Canine Familiar     Summ           ##......     38%         3
 Confusing Touch          Hex            ##......     38%         3
 Conjure Flame            Conj/Fire      ##......     38%         3
 Dazzling Flash           Conj/Hex       ##....       38%         3
 Gell's Gravitas          Tloc           ##........   38%         3
 Inner Flame              Hex/Fire       ##......     38%         3
 Lesser Beckoning         Tloc           ##........   38%         3
 Mephitic Cloud           Conj/Pois/Air  ##......     38%         3
 Summon Guardian Golem    Hex/Summ       ##......     38%         3
 Teleport Other           Tloc           ##......     38%         3
 Tukima's Dance           Hex            ##......     38%         3
 Hydra Form               Tmut           ######....   45%         6
 Alistair's Intoxication  Tmut/Pois      #####....    52%         5
 Irradiate                Conj/Tmut      #####.....   52%         5
 Yara's Violent Unravell  Hex/Tmut       #####.....   52%         5
 Bolt of Magma            Conj/Fire/Erth ####......   71%         5
 Olgreb's Toxic Radiance  Pois           ##......     80%         4
 Passage of Golubria      Tloc           N/A          80%         4
 Sticky Flame             Conj/Fire      ##......     80%         4
 Summon Ice Beast         Ice/Summ       ##......     80%         4
 Summon Lightning Spire   Summ/Air       ##......     80%         4
 Dragon Form              Tmut           ######....   95%         7
 Eringya's Noxious Bog    Tmut/Pois      #####.....   97%         6
 Iron Shot                Conj/Erth      #####.....   97%         6
 Fireball                 Conj/Fire      ##........   98%         5
 Metabolic Englaciation   Hex/Ice        ##........   98%         5
 Shatter                  Erth           ######....   100%        9


Dungeon Overview and Level Annotations

Branches:
Dungeon (15/15)            Temple (1/1) D:4            Lair (6/6) D:11
  Swamp (4/4) Lair:3        Snake (4/4) Lair:3        Slime (1/5) Lair:5
    Orc (2/2) D:10            Elf (0/3) Orc:2        Vaults (1/5) D:13
 Depths (0/5) D:15          Sewer (visited)         Volcano (visited)
Gauntlet (visited)

Altars:
Ashenzari
Cheibriados
Dithmenos
Elyvilon
Fedhas
Gozag
Hepliaklqana
Kikubaaqudgha
Makhleb
Nemelex Xobeh
Okawaru
Qazlal
Ru
Sif Muna
Trog
Uskayaw
Vehumet
Wu Jian
Xom
Yredelemnul
Zin
The Shining One
Beogh
Jiyva

Shops:
D:12 :   Orc:1 *   Orc:2 =(*(   Snake:1 [!   Snake:3 ==

Annotations:
D:4 2 runed translucent doors, hemabe71's ghost, amateur HuAr
D:11 exclusion: door
Lair:1 exclusion: 2 oklob plants
Lair:3 2 transporters


Innate Abilities, Weirdness & Mutations

You are too large for most types of armour.
You have claws for hands.
Your natural rate of healing is unusually fast.
You are covered in fur. (AC +1)
You have extremely tough skin. (AC +3)


Message History

Unknown command.
You can feel time thicken for a moment.
The vault guard hits you but does no damage.
The vault warden completely misses you.
The ironbrand convoker hits you but does no damage.
Unknown command.
Unknown command.
You can feel time thicken for a moment.
The vault warden hits you with a +0 battleaxe!
* * * LOW HITPOINT WARNING * * *
The vault guard hits you with a +0 long sword!
* * * LOW HITPOINT WARNING * * *
The vault warden hits you but does no damage.
Unknown command.
You can feel time thicken for a moment.
You kill the ironbrand convoker!
Cheibriados thoroughly appreciates the change of pace.
Cheibriados lowers the support of your attributes as your movement quickens.
The vault warden hits you with a +0 battleaxe!!
You die...

##### #.$.. ......
####### +#....
#########.....(
.#....####.......#.....#
.#....'..#.......+.....#
.#....)pp+.......+...###
p#...))@p+.......#...#
.#....####..(....#.###
+#... #.......'...# ....
#.......#...### #..
#.......#.....# ##
#.......#.†...#
#.......#......
#.......#######
#.......#


You could see 2 vault wardens, a vault guard and a vault sentinel.

Vanquished Creatures
  Mara (Snake:4)
  Vashnia (Snake:4)
  Bai Suzhen (Swamp:4)
  Nikola (Swamp:1)
  A bone dragon (Swamp:4)
  Frances (D:13)
  An acid blob (Lair:5)
  2 sphinxes (Vaults:1)
  Gastronok (Lair:1)
  Kirke (Snake:1)
  An azure jelly (Lair:5)
  7 nagarajas
  Aizul (Snake:1)
  An orc warlord (Orc:2)
  4 ironheart preservers (Vaults:1)
  Nessos (Lair:4)
  A minotaur (Gauntlet)
  5 bunyips
  3 eleionomae
  3 yaktaur captains (Vaults:1)
  5 ogre magi (Vaults:1)
  A rakshasa (Vaults:1)
  A fire dragon (D:15)
  9 vault guards
  Erolcha (Orc:1)
  20 naga warriors
  8 ghost crabs
  A death knight (D:12)
  2 ice dragons
  10 hydras
  2 boulder beetles (Vaults:1)
  14 anacondas
  9 centaur warriors
  A deep troll shaman (Vaults:1)
  4 death yaks (Lair:6)
  16 alligators
  12 two-headed ogres
  15 naga sharpshooters
  2 shock serpents
  A hell knight (Volcano)
  A fire crab (D:11)
  Nergalle (Lair:3)
  A sixfirhy (Gauntlet)
  2 salamander mystics
  3 skeletal warriors (Vaults:1)
  11 swamp dragons
  2 deep trolls (Vaults:1)
  6 unseen horrors
  2 wizards (Vaults:1)
  10 naga ritualists
  2 phantasmal warriors
  8 bog bodies
  4 orc knights
  2 spriggan druids
  3 lindwurms
  A wolf spider zombie (D:12)
  2 spectral hydras (Swamp:4)
  5 ironbrand convokers (Vaults:1)
  A harpy (shapeshifter) (Vaults:1)
  10 mana vipers
  2 wolf spiders (Lair:6)
  A deep elf mage (D:14)
  2 orc sorcerers (Orc:2)
  16 salamanders
  15 ugly things
  An oklob plant (Swamp:4)
  4 will-o-the-wisps
  4 cyclopes
  18 elephants
  A manticore (D:12)
  24 naga magi
  5 guardian serpents
  42 black mambas
  2 vault sentinels (Vaults:1)
  5 torpor snails (Lair:6)
  5 gargoyles
  18 cane toads
  11 komodo dragons
  5 swamp worm zombies (Swamp:4)
  A rime drake (Lair:5)
  9 yaktaurs (Vaults:1)
  An efreet (D:15)
  3 freezing wraiths (D:12)
  5 trolls
  2 hydra zombies (Swamp:4)
  A tengu conjurer (Gauntlet)
  3 meliai (D:14)
  11 tyrant leeches
  4 polar bears
  Prince Ribbit (Lair:1)
  10 hornets
  6 slime creatures (Vaults:1)
  17 blink frogs
  2 alligator zombies (Swamp:4)
  18 dream sheep
  2 spectral swamp dragons (Swamp:4)
  A shadow (D:11)
  2 centaur simulacra (Gauntlet)
  3 redbacks (Lair:6)
  2 spriggans (Swamp:4)
  A vampire (D:13)
  5 wraiths
  2 humans (shapeshifter) (Vaults:1)
  6 humans (D:13)
  5 basilisks
  14 wyverns
  6 fire bats (Volcano)
  4 hogs (Snake:1)
  70 yaks
  Menkaure (D:7)
  57 nagas
  18 swamp worms
  6 insubstantial wisps
  A warg (Orc:2)
  2 soldier ants (D:14)
  A hydra simulacrum (Gauntlet)
  30 water moccasins
  4 swamp drakes
  36 orc warriors
  4 swamp dragon zombies (Swamp:4)
  3 sky beasts
  Purgy (Sewer)
  5 black bears
  An eye of draining (D:14)
  5 phantoms
  6 ice beasts
  A necrophage (D:14)
  23 ogres
  27 centaurs
  3 wolves (Lair:6)
  3 big kobolds
  15 bullfrogs
  Blork the orc (D:7)
  A wyvern zombie (D:14)
  3 gnoll sergeants
  3 scorpions
  11 killer bees
  10 wights
  6 howler monkeys
  8 lava snakes (Volcano)
  2 bullfrog zombies
  6 centaur zombies
  4 jellies
  A quasit (D:9)
  A wyvern simulacrum (Gauntlet)
  8 hounds
  A bullfrog skeleton (D:11)
  16 orc wizards
  7 centaur skeletons
  16 orc priests
  4 iguanas
  5 worker ants
  5 hell rats (Lair:5)
  A spectral swamp drake (Swamp:4)
  A howler monkey zombie (D:5)
  A worker ant zombie (D:5)
  5 gnolls (D:5)
  A swamp drake zombie (Swamp:4)
  15 adders
  A river rat (D:6)
  3 white imps
  6 ufetubi
  3 oozes
  3 adder skeletons
  2 adder zombies
  A worm (D:3)
  A dart slug (D:5)
  6 leopard geckos
  80 orcs
  6 bats
  4 giant cockroaches
  7 hobgoblins
  6 jackals
  4 quokkas
  A ball python (D:4)
  4 frilled lizards
  9 goblins
  31 kobolds
  A leopard gecko zombie (D:5)
  A quokka skeleton (D:6)
  6 rats
1229 creatures vanquished.

Vanquished Creatures (collateral kills)
  A naga sharpshooter (Snake:4)
  2 spectral hydras (Swamp:4)
  A hornet (Swamp:4)
  A spriggan (Swamp:4)
  An insubstantial wisp (Swamp:4)
  A swamp dragon zombie (Swamp:4)
  A bullfrog (D:7)
8 creatures vanquished.

Vanquished Creatures (others)
  Jorgrun (Swamp:1)
  A shambling mangrove (Swamp:4)
  An anaconda (Snake:3)
  An alligator (Swamp:1)
  A tengu warrior (Gauntlet)
  A salamander mystic (Snake:2)
  A mana viper (Snake:3)
  3 tyrant leeches (Swamp:1)
  2 bloated husks
  3 humans
  A swamp worm (Swamp:1)
  2 insubstantial wisps (Swamp:4)
  A black bear (D:6)
  An orc warrior (D:6)
  3 centaurs
  2 bullfrogs (D:6)
  2 worker ants (D:6)
  A jackal (D:6)
  A kobold (D:10)
  A ball python (D:6)
  A bush (Lair:6)
  20 foxfires
  62 fungi
  98 plants
211 creatures vanquished.

Grand Total: 1448 creatures vanquished

Notes
Turn   | Place    | Note
-------+----------+-------------------------------------------
     0 | D:1      | Morbidden the Troll Hunter began the quest for the Orb.
     0 | D:1      | Reached XP level 1. HP: 19/19 MP: 0/0
    81 | D:1      | Reached XP level 2. HP: 27/27 MP: 1/1
   837 | D:2      | Reached XP level 3. HP: 35/35 MP: 2/2
   992 | D:2      | Found a glowing silver altar of Zin.
  1469 | D:3      | Reached skill level 1 in Unarmed Combat
  1469 | D:3      | Reached XP level 4. HP: 30/42 MP: 3/3
  1666 | D:3      | Reached XP level 5. HP: 46/49 MP: 5/5
  1783 | D:3      | Reached skill level 2 in Unarmed Combat
  2188 | D:4      | Noticed hemabe71's ghost (amateur HuAr)
  2190 | D:4      | Found a large runed translucent door.
  2190 | D:4      | Found a large runed translucent door.
  2251 | D:4      | Reached skill level 1 in Spellcasting
  2391 | D:4      | Found a broken altar of Ashenzari.
  2398 | D:4      | Noticed an ogre
  2405 | D:4      | Killed an ogre
  2405 | D:4      | Reached skill level 3 in Unarmed Combat
  2405 | D:4      | Reached XP level 6. HP: 20/59 MP: 6/6
  2622 | D:4      | Found a staircase to the Ecumenical Temple.
  2647 | Temple   | Entered the Ecumenical Temple
  2701 | Temple   | Became a worshipper of Cheibriados the Contemplative
  3390 | D:5      | Entered Level 5 of the Dungeon
  3411 | D:5      | Reached skill level 5 in Throwing
  3411 | D:5      | Reached XP level 7. HP: 66/66 MP: 8/8
  3463 | D:5      | Reached skill level 4 in Unarmed Combat
  3495 | D:5      | Found a radiant altar of Vehumet.
  3725 | D:5      | Reached skill level 1 in Stealth
  3842 | D:5      | Reached * piety under Cheibriados
  4076 | D:5      | Reached XP level 8. HP: 64/75 MP: 9/9
  4299 | D:6      | Found a blossoming altar of Fedhas.
  4411 | D:6      | Found a glowing drain.
  4415 | Sewer    | Entered a sewer
  4424 | Sewer    | Reached ** piety under Cheibriados
  4424 | Sewer    | Reached skill level 5 in Unarmed Combat
  4471 | Sewer    | Noticed Purgy
  4482 | Sewer    | Killed Purgy
  4930 | D:6      | Found a shimmering altar of Xom.
  5268 | D:7      | Noticed Menkaure
  5274 | D:7      | Killed Menkaure
  5504 | D:7      | Got an iridescent whip
  5505 | D:7      | Identified the +3 whip "Ochib" {vorpal, +Rage rPois MR+}
                  | (You found it on level 7 of the Dungeon)
  5541 | D:7      | Noticed Blork the orc
  5546 | D:7      | Reached skill level 1 in Invocations
  5551 | D:7      | Killed Blork the orc
  5553 | D:7      | Reached XP level 9. HP: 32/84 MP: 11/11
  5571 | D:7      | Reached skill level 1 in Armour
  5693 | D:7      | Reached *** piety under Cheibriados
  5693 | D:7      | Reached skill level 6 in Unarmed Combat
  6967 | D:8      | Reached **** piety under Cheibriados
  7210 | D:8      | Identified a scroll of acquirement
  7210 | D:8      | Acquired the +9 storm dragon scales "Hofynats" {*Drain
                  | rElec rF+ MR+++}
  7627 | D:9      | Reached skill level 7 in Unarmed Combat
  7714 | D:9      | Reached XP level 10. HP: 94/94 MP: 13/13
  8305 | D:10     | Entered Level 10 of the Dungeon
  8320 | D:10     | Reached ***** piety under Cheibriados
  8540 | D:10     | Killed an unseen horror
  8744 | D:10     | Found a staircase to the Orcish Mines.
  8971 | D:10     | Reached skill level 8 in Unarmed Combat
  8996 | D:10     | Reached skill level 5 in Fighting
  9231 | D:11     | Killed an unseen horror
  9420 | D:11     | Found a runed translucent door.
  9427 | D:11     | Noticed a fire crab
  9450 | D:11     | Killed a fire crab
  9450 | D:11     | Reached ****** piety under Cheibriados
  9450 | D:11     | Reached XP level 11. HP: 37/104 MP: 15/15
  9803 | D:11     | Found a staircase to the Lair.
 10042 | D:12     | Noticed a death knight
 10043 | D:12     | Noticed a phantasmal warrior
 10160 | D:12     | Reached skill level 9 in Unarmed Combat
 10203 | D:12     | Noticed a white ugly thing
 10214 | D:12     | Killed a white ugly thing
 10281 | D:12     | Killed an unseen horror
 10853 | D:13     | Noticed Frances
 10865 | D:13     | Killed Frances
 10865 | D:13     | Reached skill level 5 in Invocations
 10914 | D:13     | Killed an unseen horror
 10922 | D:13     | Reached XP level 12. HP: 32/114 MP: 7/17
 11174 | D:13     | Noticed a centaur warrior
 11182 | D:13     | Killed a centaur warrior
 11261 | D:13     | Noticed a vault guard
 11261 | D:13     | Noticed a vault guard
 11261 | D:13     | Noticed a vault guard
 11263 | D:13     | Noticed a vault guard
 11264 | D:13     | Noticed a vault guard
 11272 | D:13     | Killed a vault guard
 11272 | D:13     | Reached skill level 10 in Unarmed Combat
 11280 | D:13     | Killed a vault guard
 11289 | D:13     | Killed a vault guard
 11289 | D:13     | Reached skill level 5 in Armour
 11294 | D:13     | Killed a vault guard
 11302 | D:13     | Killed a vault guard
 11385 | D:13     | Found a gate to the Vaults.
 11548 | D:13     | Noticed a centaur warrior
 11555 | D:13     | Killed a centaur warrior
 11555 | D:13     | Reached skill level 5 in Spellcasting
 11895 | D:14     | Reached skill level 5 in Dodging
 11932 | D:14     | Noticed a centaur warrior
 11943 | D:14     | Killed a centaur warrior
 11943 | D:14     | Reached skill level 11 in Unarmed Combat
 12254 | D:14     | Noticed a centaur warrior
 12263 | D:14     | Killed a centaur warrior
 12263 | D:14     | Reached XP level 13. HP: 99/123 MP: 19/19
 13296 | D:15     | Entered Level 15 of the Dungeon
 13634 | D:15     | Learned a level 6 spell: Statue Form
 14428 | D:15     | Noticed a fire dragon
 14435 | D:15     | Killed a fire dragon
 14439 | D:15     | Reached skill level 1 in Earth Magic
 14511 | D:15     | Found a staircase to the Depths.
 14787 | D:12     | Reached skill level 10 in Throwing
 14870 | D:12     | Found Maraenn's Armour Shop.
 14958 | D:12     | Found Ynet's Book Shoppe.
 15136 | Lair:1   | Entered Level 1 of the Lair of Beasts
 15164 | Lair:1   | Reached skill level 1 in Transmutations
 15192 | Lair:1   | Noticed Gastronok
 15209 | Lair:1   | Killed Gastronok
 15810 | Lair:1   | Noticed Prince Ribbit
 15813 | Lair:1   | Killed Prince Ribbit
 15816 | Lair:1   | Reached skill level 12 in Unarmed Combat
 16513 | Lair:2   | Found a gate leading to a gauntlet.
 16522 | Gauntlet | Entered a Gauntlet
 16522 | Gauntlet | Found a transporter.
 16531 | Gauntlet | Found a transporter.
 16546 | Gauntlet | Found a transporter.
 16550 | Gauntlet | Identified the ring "Vaibrith" {+Inv rElec Stlth-}
 16550 | Gauntlet | Noticed an entropy weaver
 16551 | Gauntlet | Found a transporter.
 16570 | Gauntlet | Found a transporter.
 16585 | Gauntlet | Found a transporter.
 16597 | Gauntlet | Found a transporter.
 16609 | Gauntlet | Found a transporter.
 16621 | Gauntlet | Found a transporter.
 16633 | Gauntlet | Found a transporter.
 16650 | Gauntlet | Found a transporter.
 16650 | Gauntlet | Found a transporter.
 16670 | Gauntlet | Found a transporter.
 16690 | Gauntlet | Found a transporter.
 16712 | Gauntlet | Found a transporter.
 16789 | Gauntlet | Found a transporter.
 16815 | Gauntlet | Found a transporter.
 16817 | Gauntlet | Found a transporter.
 17095 | Gauntlet | Reached XP level 14. HP: 133/133 MP: 21/21
 18485 | Lair:3   | Found a staircase to the Swamp.
 18501 | Lair:3   | Found a transporter.
 18581 | Lair:3   | Found a transporter.
 18795 | Lair:3   | Noticed Nergalle
 18807 | Lair:3   | Killed Nergalle
 18834 | Lair:3   | Found a staircase to the Snake Pit.
 19468 | Lair:4   | Noticed Nessos
 19473 | Lair:4   | Killed Nessos
 20479 | Lair:5   | Found a viscous altar of Jiyva.
 20479 | Lair:5   | Found a staircase to the Slime Pits.
 20600 | Lair:5   | Acquired 728 gold pieces
 21032 | Slime:1  | Entered Level 1 of the Pits of Slime
 21032 | Slime:1  | Noticed an azure jelly
 21032 | Slime:1  | Noticed an acid blob
 21041 | Lair:5   | Killed an acid blob
 21041 | Lair:5   | Reached skill level 13 in Unarmed Combat
 21043 | Lair:5   | Killed an azure jelly
 21162 | Lair:6   | Entered Level 6 of the Lair of Beasts
 21183 | Lair:6   | Reached XP level 15. HP: 134/143 MP: 23/23
 21209 | Lair:6   | Paralysed by a hornet for 2 turns
 21657 | Lair:6   | Found a runed translucent door.
 21803 | Lair:6   | Paralysed by a hornet for 2 turns
 22818 | Lair:6   | HP: 7/145 [poisoned by a redback]
 23630 | Orc:1    | Entered Level 1 of the Orcish Mines
 23635 | Orc:1    | Noticed Erolcha
 23638 | Orc:1    | Killed Erolcha
 23676 | Orc:1    | Found Aticilyror's Assorted Antiques.
 23861 | Orc:2    | Entered Level 2 of the Orcish Mines
 23882 | Orc:2    | Found a staircase to the Elven Halls.
 23971 | Orc:2    | Found a dark tunnel.
 23988 | Volcano  | Entered a volcano
 24170 | Volcano  | Found a burning altar of Makhleb.
 24523 | Orc:2    | Reached skill level 5 in Transmutations
 24710 | Orc:2    | Reached XP level 16. HP: 153/153 MP: 25/25
 24808 | Orc:2    | Reached skill level 14 in Unarmed Combat
 24967 | Orc:2    | Found Awee's Jewellery Boutique.
 24997 | Orc:2    | Found Coazauc's Weapon Boutique.
 24997 | Orc:2    | Found Rieteomo's General Store.
 24999 | Orc:2    | Found Qosot's Antique Weapon Emporium.
 25001 | Orc:2    | Found Rija's Antique Weapon Shop.
 25198 | Orc:2    | Reached skill level 5 in Earth Magic
 25276 | Orc:2    | Bought the ring of Phasing {EV+8} for 2048 gold pieces
 25276 | Orc:2    | Found the ring of Phasing {EV+8}
 25310 | Orc:2    | Bought a scroll of acquirement for 624 gold pieces
 25312 | Orc:2    | Acquired 887 gold pieces
 25366 | Orc:1    | Found a roughly hewn altar of Beogh.
 25557 | Orc:1    | Bought a glowing cloak for 247 gold pieces
 25714 | Swamp:1  | Entered Level 1 of the Swamp
 25716 | Swamp:1  | Noticed Jorgrun
 25725 | Swamp:1  | Killed Jorgrun
 26062 | Swamp:1  | Found a radiant altar of Vehumet.
 26063 | Swamp:1  | You fall into a shaft and drop 1 floor!
 27475 | Swamp:4  | Entered Level 4 of the Swamp
 28295 | Swamp:4  | Noticed Bai Suzhen
 28314 | Swamp:4  | Killed Bai Suzhen
 28835 | Swamp:4  | Noticed a bone dragon
 28837 | Swamp:4  | Reached XP level 17. HP: 115/163 MP: 16/26
 28848 | Swamp:4  | Killed a bone dragon
 29482 | Swamp:4  | Got a decaying rune of Zot
 30044 | Swamp:1  | Noticed Nikola
 30351 | Swamp:1  | Killed Nikola
 30779 | Snake:1  | Entered Level 1 of the Snake Pit
 30865 | Snake:1  | Found Ishesug's Distillery.
 30865 | Snake:1  | Found Guofipeo's Antique Armour Shop.
 30878 | Snake:1  | Reached skill level 15 in Unarmed Combat
 31288 | Snake:1  | Noticed Kirke
 31316 | Snake:1  | Killed Kirke
 31645 | Snake:1  | Noticed Aizul
 31659 | Snake:1  | Killed Aizul
 33360 | Snake:3  | Reached XP level 18. HP: 165/174 MP: 28/28
 33541 | Snake:3  | Reached skill level 10 in Fighting
 33580 | Snake:3  | Found Ymit's Jewellery Shoppe.
 33851 | Snake:3  | Reached skill level 10 in Invocations
 33966 | Snake:3  | Found Evievaik's Jewellery Emporium.
 34390 | Snake:4  | Entered Level 4 of the Snake Pit
 34504 | Snake:4  | Noticed Mara
 34514 | Snake:4  | Noticed Morbidden's illusion
 34529 | Snake:4  | Noticed Morbidden's illusion
 34548 | Snake:4  | Noticed Morbidden's illusion
 34562 | Snake:4  | Killed Mara
 34775 | Snake:4  | Reached skill level 10 in Dodging
 35034 | Snake:4  | Reached skill level 1 in Evocations
 35252 | Snake:4  | Noticed Vashnia
 36133 | Snake:4  | Killed Vashnia
 36383 | Snake:4  | Got a serpentine rune of Zot
 37181 | Vaults:1 | Entered Level 1 of the Vaults
 37191 | Vaults:1 | Reached XP level 19. HP: 182/184 MP: 30/30
 38452 | Vaults:1 | Reached skill level 16 in Unarmed Combat
 38464 | Vaults:1 | Slain by a vault warden

Illustrated notes

Levels and vault maps discovered:
D:1:      dpeg_arrival_rooms_with_view, layout_basic
D:2:      layout_basic, lemuel_crystal_altar, hex_medium
D:3:      layout_loops_ring, grunt_decor_junction
D:4:      layout_cave_pods, minmay_temple_entry_gardened_gates,
          ebering_ghost_disaster_area, evilmike_ruin_ashenzari
D:5:      layout_cave_pools, minmay_holes, vehumet_altar_wand_db
D:6:      layout_basic, gup_sewer_entry_spiral, basic_altar, xom_confusion_cloud
D:7:      layout_gridville, sword_in_stone, uniq_menkaure
D:8:      layout_gridville
D:9:      layout_irregular_city
D:10:     layout_basic, orc_0_dummy
D:11:     gammafunk_mikee_crab_dinner, layout_long_grid, lair_entry_dummy
D:12:     layout_stronghold, serial_shops, kennysheep_mini_moat, shop,
          serial_column_ruins, column_ruins_square_medium,
          column_ruins_columns_straight, column_ruins_columns_corner,
          column_ruins_columns_straight, column_ruins_open_tiny,
          column_ruins_grid_1, minmay_misc_feat_ornament
D:13:     layout_loops_ring, ximxim_vaults_locker_room, minivault_25,
          statue_in_the_mist_lemuel, uniq_frances
D:14:     layout_basic, chequers_serial_rivers_small_a
D:15:     grunt_enter_depths_hoard, layout_basic,
          hangedman_abyss_or_decor_stagger
Temple:   nicolae_temple_the_god_donut
Lair:1:   layout_chaotic_city, beast_lair_carwin_2, minmay_lair_oklob_chamber,
          uniq_prince_ribbit2, uniq_gastronok
Lair:2:   layout_hall_layers, gauntlet_entry_generic, minivault_24,
          grunt_megastairs_5, infiniplex_staircase_pool
Lair:3:   gammafunk_cloud_chamber, layout_small_grid, minmay_swamp_entry_wisps,
          guppyfry_snake_entry_island, uniq_nergalle
Lair:4:   layout_layer_cave, uniq_nessos
Lair:5:   layout_regular_city, slime_altar_1
Lair:6:   wormcave, layout_regular_city, hangedman_lair_tendril_chambers,
          lemuel_fruit_tree
Swamp:1:  layout_basic_swamp, nicolae_swamp_godswood, uniq_jorgrun, uniq_nikola
Swamp:2:  layout_basic_swamp, nicolae_swamp_stair_fork
Swamp:3:  layout_basic_swamp, evilmike_swamp_ruin_rubble_1
Swamp:4:  swamp_pestilence, layout_basic_swamp, uniq_bai_suzhen
Snake:1:  layout_chambers, st_stairs_3, minmay_shoptagon, uniq_aizul, uniq_kirke
Snake:2:  layout_onion, serial_bayou_crossing
Snake:3:  layout_cave_town, serial_shops, shop, shop
Snake:4:  minmay_snake_end_coiled, layout_basic, uniq_mara, uniq_vashnia
Slime:1:  cheibrodos_slime_lost_civilization_8, layout_caves,
          cheibrodos_slime_lost_civilization_5
Orc:1:    layout_caves, serial_shops, nicolae_shop_crystal, basic_altar,
          uniq_erolcha
Orc:2:    st_orc_rangers, layout_caves, nicolae_volcano_entry_vermiform,
          serial_shops, shop, minmay_orc_barracks
Vaults:1: nicolae_vaults_network_square, hangedman_vaults_corner_blocks,
          v_misc_2, v_misc_24, vaults_room_door_hall, nicolae_vaults_meeting,
          nicolae_vaults_shelves_hall, nicolae_vaults_little_squares_3,
          v_alt_pattern_4, ontoclasm_vaults_gateway, vaults_room_fours,
          nicolae_vaults_angled_halls, layout_vaults_omnicross

Skill      XL: |  1  2  3  4  5  6  7  8  9 10 11 12 13 14 15 16 17 18 19 |
---------------+----------------------------------------------------------+-----
Throwing       | 4 5 6 7 8 9 10 11 | 11.1
Fighting       | 2 3 4 5 6 7 8 9 10 | 10.4
Unarmed Combat | 1 3 4 5 7 8 9 11 12 13 14 15 16 | 16.0
Dodging        | 2 3 4 5 6 7 8 9 10 | 10.3
Spellcasting   | 1 2 3 4 5 6 7 8 9 |  9.1
Stealth        | 1 2 |  2.6
Invocations    | 1 2 4 5 6 7 8 9 10 | 10.5
Armour         | 2 3 4 5 6 7 8 9 |  9.5
Earth Magic    | 2 3 4 6 7 8 9 |  9.4
Transmutations | 2 3 5 7 8 9 |  9.1
Evocations     | 1 |  1.2

Action                   |  1- 3 |  4- 6 |  7- 9 | 10-12 | 13-15 | 16-18 | 19-21 || total
-------------------------+-------+-------+-------+-------+-------+-------+-------++-------
Melee: Unarmed           |    96 |   133 |   325 |   438 |  1071 |  1289 |   285 ||  3637
       Punch             |     1 |     2 |    16 |    38 |   112 |   174 |    44 ||   387
Throw: Stone             |    74 |    37 |   119 |   104 |   101 |       |       ||   435
       Javelin           |       |     2 |     9 |     8 |       |    26 |       ||    45
       Dart              |       |       |    29 |       |    35 |       |       ||    64
       Large rock        |       |       |     1 |    12 |     6 |     7 |       ||    26
       Boomerang         |       |       |       |     3 |    61 |   205 |     7 ||   276
Invok: Slouch            |       |       |       |     2 |    11 |    20 |     5 ||    38
       Bend Time         |       |       |       |       |       |     1 |       ||     1
Evoke: Wand              |       |       |     8 |       |       |     7 |       ||    15
       Condenser vane    |       |       |       |       |     3 |     3 |       ||     6
       Phantom mirror    |       |       |       |       |       |     3 |       ||     3
  Use: Scroll            |       |     4 |     9 |     7 |    16 |    16 |     2 ||    54
       Potion            |       |       |       |       |       |     5 |       ||     5
 Stab: Sleeping          |     1 |       |     3 |       |       |       |       ||     4
       Distracted        |       |       |       |       |       |     3 |       ||     3
       Confused          |       |       |       |       |       |     1 |       ||     1
Armor: Robe              |    55 |    55 |    37 |       |       |       |       ||   147
       Troll leather arm |       |       |    54 |       |       |       |       ||    54
       Storm dragon scal |       |       |    45 |   441 |   816 |   767 |   101 ||  2170
Dodge: Dodged            |    58 |    65 |   198 |   215 |   779 |  1783 |   276 ||  3374
Block: Other             |       |       |    17 |   117 |   290 |   452 |    53 ||   929
       Reflection        |       |       |     3 |    11 |    16 |    45 |     4 ||    79

Table legend: (Time is in decaauts)
 A = Elapsed time spent in this place.
 B = Non-inter-level travel time spent in this place.
 C = Inter-level travel time spent in this place.
 D = Time resting spent in this place.
 E = Time spent auto-exploring this place.
 F = Levels seen in this place.
 G = Mean time per level.
                   A        B        C        D        E       F      G
               +--------+--------+--------+--------+--------+-----+--------+
         Total |  56555 |  52773 |   3782 |   3372 |  39946 |  37 | 1528.5 |
       Dungeon |  22311 |  20363 |   1948 |    693 |  16662 |  15 | 1487.4 |
        Temple |     81 |     56 |     25 |      0 |     48 |   1 |   81.0 |
          Lair |  12102 |  11220 |    882 |    111 |   9556 |   6 | 2017.0 |
         Swamp |   7117 |   6789 |    328 |   1655 |   3940 |   4 | 1779.2 |
     Snake Pit |   8335 |   8047 |    288 |    890 |   5670 |   4 | 2083.8 |
    Slime Pits |      4 |      4 |      0 |      0 |      0 |   1 |    4.0 |
  Orcish Mines |   2577 |   2270 |    307 |     16 |   1571 |   2 | 1288.5 |
        Vaults |   1766 |   1766 |      0 |      0 |   1330 |   1 | 1766.0 |
         Sewer |    185 |    185 |      0 |      0 |    115 |   1 |  185.0 |
       Volcano |    628 |    628 |      0 |      0 |    338 |   1 |  628.0 |
      Gauntlet |   1445 |   1445 |      0 |      7 |    713 |   1 | 1445.0 |
               +--------+--------+--------+--------+--------+-----+--------+

Top non-repeatable levels by time:
  Lair:6: 3121 daAuts
 Snake:4: 2867 daAuts
 Swamp:4: 2777 daAuts
    D:14: 2584 daAuts
 Snake:1: 2529 daAuts
    D:12: 2398 daAuts
    D:15: 2250 daAuts
  Lair:3: 1946 daAuts
  Lair:1: 1874 daAuts
  Lair:2: 1842 daAuts
    D:13: 1829 daAuts
   Orc:2: 1822 daAuts
Vaults:1: 1766 daAuts
     D:7: 1726 daAuts
  Lair:5: 1683 daAuts
